 Dungeon Crawl Stone Soup version 0.31.0-32-g396128a36d (webtiles) character file.

Game seed: 5775234922421785014

110 TacoSundae the Slasher (level 4, 0/35 HPs)
             Began as a Demonspawn Fighter on Apr 7, 2024.
             Slain by Grinder (2 damage)
             ... on level 3 of the Dungeon.
             The game lasted 00:04:30 (1951 turns).

TacoSundae the Slasher (Demonspawn Fighter)         Turns: 1951, Time: 00:04:51

Health: 0/35       AC:  6    Str: 16    XL:     4   Next: 61%
Magic:  4/4        EV:  8    Int:  9    God:
Gold:   206        SH:  5    Dex: 20    Spells: 3/3 levels left

rFire   . . .        a - +0 long sword
rCold   . . .        c - +0 buckler
rNeg    . . .        b - +0 scale mail
rPois   .            (no helmet)
rElec   .            (no cloak)
rCorr   +            (no gloves)
SInv    .            (no boots)
Will    .....        (no amulet) Stlth
                     o - ring of resist corrosion
HPRegen 0.25/turn    f - +6 ring of dexterity
MPRegen 0.09/turn

%: no passive effects
@: mighty
A: demonic guardian 1, weakness stinger 1
a: no special abilities


You were on level 3 of the Dungeon.
You visited 1 branch of the dungeon, and saw 3 of its levels.

You collected 206 gold pieces.

Inventory:

Hand Weapons
 a - a +0 long sword (weapon)
Missiles
 p - 6 boomerangs (quivered)
 q - 2 poisoned darts
Armour
 b - a +0 scale mail (worn)
 c - a +0 buckler (worn)
Jewellery
 f - a +6 ring of dexterity (right hand)
 o - a ring of resist corrosion (left hand)
Talismans
 j - a beast talisman
Scrolls
 g - a scroll of brand weapon {unknown}
 h - 2 scrolls of silence {unknown}
 i - 3 scrolls of teleportation {unknown}
 r - a scroll of revelation {unknown}
 t - a scroll of fog {unknown}
 u - 2 scrolls of immolation {unknown}
Potions
 e - 3 potions of enlightenment {unknown}
 k - 2 potions of invisibility {unknown}
 l - a potion of magic {unknown}
 m - 2 potions of mutation {unknown}
 n - a potion of curing {unknown}
 s - a potion of berserk rage {unknown}


   Skills:
 - Level 3.0 Fighting
 * Level 4.4 Long Blades
 - Level 2.6 Armour
 - Level 2.6 Shields


You had 3 spell levels left.
You didn't know any spells.
Your spell library contained the following spells:

 Spells                   Type           Power      Damage    Failure   Level
 Blink                    Tloc           0%         N/A       96%         2
 Lesser Beckoning         Tloc           0%         N/A       96%         2
 Momentum Strike          Conj/Tloc      0%         3d8       96%         2


Dungeon Overview and Level Annotations

Branches:
Dungeon (3/15)

Altars:

Annotations:
D:3 Grinder


Innate Abilities, Weirdness & Mutations

A weak demonic guardian rushes to your aid.
You have a small tail.


Message History

There is an open door here.
You hit the bat.
You kill the bat!
No target in view!
A rat comes into view.
The rat squeaks loudly.
Grinder comes into view.
Grinder shouts!
Grinder blinks!
You block the rat's attack.
You slash the rat!
You kill the rat!
You see here a rat corpse.
Okay, then.
You feel very mighty all of a sudden.
Grinder blinks!
Grinder sighs, "No one appreciates my work."
You block Grinder's attack.
You hit Grinder.
Grinder is lightly wounded.
Grinder hits you.
You writhe in agony.
You slash Grinder!
Your tail-slap misses Grinder.
Grinder is moderately wounded.
Grinder gestures at you.
You suddenly lose the ability to move!
Grinder hits you.
You writhe in agony.
Grinder hits you.
You writhe in agony.
Grinder barely misses you.
Grinder says, "Just stop there for a second..."
Grinder hits you!
You writhe in agony.
Grinder gestures at you. Pain shoots through your body!
* * * LOW HITPOINT WARNING * * *
A demonic guardian appears!
You can move again.
You barely miss Grinder.
Grinder is moderately wounded.
Grinder hits you.
* * * LOW HITPOINT WARNING * * *
You writhe in agony.
You die...
Grinder says, "Hey, I wasn't done torturing you yet!"

.........# .........#
.........#
.........######
..............######
#######'####.......#
#...#.....<5?..#
#######...###...†....#
................@....#
########.#####..5....#
....................#
#############.......#
#.......# #.......#
#.......# #....####


You could see Grinder (ally target) and a friendly shadow imp (summoned).

Vanquished Creatures
  3 adders
  3 ribbon worms
  8 orcs (D:2)
  6 endoplasms
  5 goblins
  6 hobgoblins
  4 kobolds
  2 quokkas (D:2)
  7 ball pythons
  11 bats
  5 frilled lizards
  10 rats
70 creatures vanquished.

Notes
Turn   | Place    | Note
-------+----------+-------------------------------------------
     0 | D:1      | TacoSundae the Demonspawn Fighter began the quest for the
                  | Orb.
     0 | D:1      | Reached XP level 1. HP: 18/18 MP: 1/1
    16 | D:1      | Reached skill level 2 in Long Blades
   158 | D:1      | Gained mutation: A weak demonic guardian rushes to your
                  | aid. [demonic ancestry]
   158 | D:1      | Reached XP level 2. HP: 24/24 MP: 2/2
   278 | D:1      | Found a faded altar of an unknown god.
   754 | D:2      | Reached skill level 3 in Long Blades
   776 | D:2      | Gained mutation: You have a small tail. [demonic ancestry]
   776 | D:2      | Reached XP level 3. HP: 19/29 MP: 3/3
  1172 | D:2      | Reached XP level 4. HP: 24/35 MP: 4/4
  1241 | D:2      | Reached skill level 4 in Long Blades
  1939 | D:3      | Noticed Grinder
  1946 | D:3      | Paralysed by Grinder for 5 turns
  1951 | D:3      | Slain by Grinder

Illustrated notes

Levels and vault maps discovered:
D:1:      erik_arrival_blinker_ship, layout_loops_ring,
          dreamdust_ecumenical_altar_hidden_monk_grotto
D:2:      minmay_spotlight, layout_rooms, guppyfry_early_orc_mine
D:3:      layout_basic, kennysheep_generic_room_9, uniq_grinder

Skill      XL: |  1  2  3  4 |
---------------+-------------+-----
Long Blades    | 2 3 4 |  4.4
Fighting       | |  3.0
Armour         | |  2.6
Shields        | |  2.6

Action                     |  1- 3 |  4- 6 || total
---------------------------+-------+-------++-------
  Melee: Long sword        |   124 |    49 ||   173
         Tailslap          |     6 |     1 ||     7
  Throw: Boomerang         |       |     2 ||     2
    Use: Potion            |       |     1 ||     1
 Armour: Scale mail        |    61 |    35 ||    96
  Dodge: Dodged            |    40 |    17 ||    57
  Block: Buckler           |    25 |    11 ||    36
